 Dungeon Crawl Stone Soup version 0.29.1-2-gbd0b4ee654 (webtiles) character file.

Game seed: 11910288791704622682

281 warriortoast the Sneak (level 6, -11/28 HPs)
             Began as a Spriggan Enchanter on Nov 21, 2022.
             Mangled by an ogre
             ... wielding a +0 giant club
              (16 damage)
             ... on level 4 of the Dungeon.
             The game lasted 00:07:28 (4943 turns).

warriortoast the Sneak (Spriggan Enchanter)         Turns: 4943, Time: 00:07:29

Health: -11/28     AC:  5    Str: 12    XL:     6   Next: 6%
Magic:  6/13       EV: 18    Int: 17    God:
Gold:   144        SH:  0    Dex: 15    Spells: 5/13 levels left

rFire   . . .      SeeInvis +   a - +1 dagger
rCold   . . .      Faith    .   (no shield)
rNeg    . . .      Spirit   .   b - +0 robe
rPois   .          Reflect  .   (helmet restricted)
rElec   .          Harm     .   v - +2 cloak {Will+}
rCorr   .          Rampage  .   (gloves unavailable)
Will    ++...                   (boots unavailable)
Stlth   +++.......              (no amulet)
HPRegen 0.09/turn               i - +6 ring of strength
MPRegen 0.13/turn               w - ring of wizardry

@: confusing by touch, very quick
A: very small, no large weapons, unfitting armour, see invisible, speed 3
a: no special abilities


You were on level 4 of the Dungeon.
You visited 1 branch of the dungeon, and saw 4 of its levels.

You collected 144 gold pieces.

Inventory:

Hand Weapons
 a - a +1 dagger (weapon)
 d - a +1 short sword of speed
 e - a +0 sling
Missiles
 q - a throwing net (quivered)
Armour
 b - a +0 robe (worn)
 r - a +0 cloak
 v - a +2 cloak of willpower (worn)
Jewellery
 i - a +6 ring of strength (left hand)
 w - a ring of wizardry (right hand)
Scrolls
 f - a scroll of torment {unknown}
 j - a scroll of silence {unknown}
 k - a scroll of magic mapping {unknown}
 m - 5 scrolls of identify {unknown}
 n - 2 scrolls of butterflies {unknown}
 o - 2 scrolls of vulnerability {unknown}
 p - a scroll of noise {unknown}
 s - a scroll of teleportation {unknown}
Potions
 c - 2 potions of invisibility
 g - 3 potions of curing {unknown}
 h - 2 potions of resistance {unknown}
 l - a potion of mutation {unknown}
 t - a potion of flight {unknown}
 u - 2 potions of haste {unknown}
 x - a potion of ambrosia {unknown}


   Skills:
 + Level 3.0 Short Blades
 + Level 4.5 Dodging
 + Level 6.1 Stealth
 + Level 4.1 Spellcasting
 + Level 4.9 Hexes


You had 5 spell levels left.
You knew the following spells:

 Your Spells              Type           Power      Damage    Failure   Level
a - Ensorcelled Hibernat  Hex/Ice        22%        N/A       3%          2
b - Confusing Touch       Hex            20%        N/A       2%          3
c - Tukima's Dance        Hex            20%        N/A       2%          3

Your spell library contained the following spells:

 Spells                   Type           Power      Damage    Failure   Level
 Dazzling Flash           Conj/Hex       22%        N/A       7%          3
 Blink                    Tloc           6%         N/A       10%         2
 Sublimation of Blood     Necr           3%         N/A       10%         2
 Stone Arrow              Conj/Erth      6%         3d7       19%         3
 Animate Armour           Summ/Erth      6%         N/A       50%         4
 Petrify                  Tmut/Erth      3%         N/A       50%         4
 Irradiate                Conj/Tmut      1%         3d12      83%         5
 Manifold Assault         Tloc           3%         N/A       83%         5
 Storm Form               Tmut/Air       1%         N/A       100%        7
 Lehudib's Crystal Spear  Conj/Erth      1%         10d2      100%        8


Dungeon Overview and Level Annotations

Branches:
Dungeon (4/15)
 Temple: D:4-7

Altars:


Innate Abilities, Weirdness & Mutations

You are very small and have problems with some larger weapons.
You are too small for most types of armour.
You have supernaturally acute eyesight. (SInv)
You cover ground extremely quickly. (Speed+++)


Message History

There is an open door here.
You close the door.
Your hands stop glowing.
An ogre opens the door.
You aren't carrying any items that you can evoke.
e - a +0 sling (weapon)
You are too injured to fight recklessly!
Fire: e) +0 sling
Press: ? - help, Q - select action, (/) - cycle Shift-Dir - straight line, f/p - ogre
Aim: an ogre, wielding a +0 giant club (almost dead, 71% to hit)
You shoot a sling bullet.
The sling bullet closely misses the ball python.
The sling bullet barely misses the ogre.
Fire: e) +0 sling
Press: ? - help, Q - select action, (/) - cycle Shift-Dir - straight line, f/p - ogre
Aim: an ogre, wielding a +0 giant club (almost dead, 71% to hit)
You shoot a sling bullet. The sling bullet hits the ball python.
The ball python is moderately wounded.
Casting: Confusing Touch (dangerous; 2% risk of failure)
Confirm with . or Enter, or press ? or * to list all spells.
Aiming: Ensorcelled Hibernation (safe; 3% risk of failure)
Press: ? - help, Shift-Dir - straight line, f - ball python, p - ogre
Aim: a ball python (moderately wounded, chance to affect: 62%)
The ball python looks drowsy...
a - a +1 dagger (weapon)
The ball python hisses angrily.
The ball python completely misses you. The ball python misses you.
You hit the ball python.
You kill the ball python!
Casting: Ensorcelled Hibernation (safe; 3% risk of failure)
Confirm with . or Enter, or press ? or * to list all spells.
Aiming: Ensorcelled Hibernation (safe; 3% risk of failure)
Press: ? - help, Shift-Dir - straight line, f - ogre
Aim: an ogre, wielding a +0 giant club (almost dead, not susceptible)
Okay, then.
Casting: Ensorcelled Hibernation (safe; 3% risk of failure)
Confirm with . or Enter, or press ? or * to list all spells.
Your hands begin to glow red.
The ogre hits you with a +0 giant club!
Ouch! That really hurt!
You die...

....# #.O.# #...#....+.>....
....# #...# #...#....#......
..O.# #.S.# #...#....###+###
....# #...# #.............##
##..#####'########.............#.
..####...........#########.......
..# #...........# #....... ..#
#†..........# #######. ..#
#.........O@# #. #..
############# #. ... #. ... #.
#### #. ##


You could see an ogre.

Vanquished Creatures
  An ogre (D:4)
  A howler monkey (D:3)
  Crazy Yiuf (D:3)
  An iguana (D:4)
  4 adders
  A worm (D:3)
  A dart slug (D:2)
  5 orcs
  3 bats (D:1)
  2 endoplasms
  A giant cockroach (D:2)
  9 goblins
  2 hobgoblins (D:1)
  6 jackals (D:4)
  5 kobolds
  2 quokkas (D:1)
  4 ball pythons
  4 frilled lizards
  6 rats
59 creatures vanquished.

Vanquished Creatures (collateral kills)
  An orc (D:3)
1 creature vanquished.

Vanquished Creatures (others)
  A dancing weapon (D:3)
  A plant (D:3)
2 creatures vanquished.

Grand Total: 62 creatures vanquished

Notes
Turn   | Place    | Note
-------+----------+-------------------------------------------
     0 | D:1      | warriortoast the Spriggan Enchanter began the quest for the
                  | Orb.
     0 | D:1      | Reached XP level 1. HP: 9/9 MP: 5/5
   419 | D:1      | Reached XP level 2. HP: 13/13 MP: 6/6
   438 | D:1      | Learned a level 2 spell: Ensorcelled Hibernation
  1784 | D:2      | Reached XP level 3. HP: 13/16 MP: 8/8
  1956 | D:2      | Learned a level 3 spell: Confusing Touch
  1960 | D:2      | Learned a level 3 spell: Tukima's Dance
  2403 | D:3      | Found a faded altar of an unknown god.
  2665 | D:3      | Found a runed translucent door.
  2666 | D:3      | Noticed Crazy Yiuf
  3189 | D:3      | Reached skill level 5 in Stealth
  3238 | D:3      | Reached XP level 4. HP: 17/21 MP: 1/10
  4304 | D:3      | Killed Crazy Yiuf
  4305 | D:3      | Reached XP level 5. HP: 20/24 MP: 4/11
  4408 | D:4      | Noticed an ogre
  4415 | D:4      | Killed an ogre
  4449 | D:4      | Reached skill level 6 in Stealth
  4673 | D:4      | Reached XP level 6. HP: 23/28 MP: 2/13
  4943 | D:4      | Mangled by an ogre

Illustrated notes

Levels and vault maps discovered:
D:1:      dpeg_arrival_long_road, layout_loops_corners,
          minmay_misc_feat_enclosed, minmay_tiny_reverse_x
D:2:      layout_basic, minmay_quantized
D:3:      layout_loops_ring, shapermc_ecumenical_altar_acropolis,
          uniq_crazy_yiuf_cottage
D:4:      layout_gridville, solitary_fountain

Skill      XL: |  1  2  3  4  5 |
---------------+----------------+-----
Dodging        | 3 4 |  4.5
Spellcasting   | 3 4 |  4.1
Hexes          | 4 |  4.9
Stealth        | 5 6 |  6.1
Short Blades   | 2 3 |  3.0

Action                   |  1- 3 |  4- 6 || total
-------------------------+-------+-------++-------
Melee: Short sword       |    81 |     4 ||    85
       Dagger            |     1 |    73 ||    74
       Punch             |     1 |     1 ||     2
 Fire: Sling             |       |    12 ||    12
 Cast: Ensorcelled Hiber |    15 |    17 ||    32
       Confusing Touch   |       |     7 ||     7
       Tukima's Dance    |       |     1 ||     1
 Stab: Sleeping          |    15 |    12 ||    27
       Confused          |       |     3 ||     3
Armor: Robe              |     9 |    18 ||    27
Dodge: Dodged            |    45 |    70 ||   115
